 Dungeon Crawl Stone Soup version 0.29-a0-221-gceb61267dd (webtiles) character file.

Game seed: 7974945015879712621

24 shoop the Vexing (level 2, 0/16 HPs)
             Began as a Deep Elf Arcane Marksman on Feb 27, 2022.
             Succumbed to an adder's poison
             ... on level 1 of the Dungeon.
             The game lasted 00:02:13 (1015 turns).

shoop the Vexing (Deep Elf Arcane Marksman)         Turns: 1015, Time: 00:02:13

Health: 0/16       AC:  3    Str:  7    XL:     2   Next: 79%
Magic:  6/6        EV: 13    Int: 17    God:
Gold:   77         SH:  0    Dex: 15    Spells: 3/4 levels left

rFire   . . .      SeeInvis .   a - +0 shortbow
rCold   . . .      Faith    .   (shield currently unavailable)
rNeg    . . .      Spirit   .   b - +0 robe
rPois   .          Reflect  .   (no helmet)
rElec   .          Harm     .   (no cloak)
rCorr   .          Rampage  .   g - +0 pair of gloves
Will    .....                   (no boots)
Stlth   ++........              (no amulet)
HPRegen 0.05/turn               (no ring)
MPRegen 0.10/turn               (no ring)

@: brilliant, lethally poisoned (0 -> -6)
A: no striking features
a: no special abilities


You were on level 1 of the Dungeon.
You visited 1 branch of the dungeon, and saw 2 of its levels.

You collected 77 gold pieces.

Inventory:

Hand Weapons
 a - a +0 shortbow (weapon)
Armour
 b - a +0 robe (worn)
 g - a +0 pair of gloves (worn)
Scrolls
 c - a scroll of identify {unknown}
 d - a scroll of fear {unknown}
Potions
 h - a potion of heal wounds {unknown}


   Skills:
 - Level 1.0 Fighting
 * Level 3.4 Bows
 + Level 2.8 Dodging
 - Level 2.0 Stealth
 - Level 1.5 Spellcasting
 - Level 4.0 Hexes


You had 3 spell levels left.
You knew the following spells:

 Your Spells              Type           Power      Damage    Failure   Level
a - Slow                  Hex            88%        N/A       4%          1

Your spell library contained the following spells:

 Spells                   Type           Power      Damage    Failure   Level
 Confusing Touch          Hex            22%        N/A       12%         3
 Inner Flame              Hex/Fire       12%        N/A       26%         3
 Portal Projectile        Hex/Tloc       24%        N/A       26%         3
 Vampiric Draining        Necr           1%         2d6       52%         3
 Cause Fear               Hex            11%        N/A       36%         4


Dungeon Overview and Level Annotations

Branches:
Dungeon (2/15)

Altars:


Message History

The adder hisses angrily.
The adder barely misses you. The adder barely misses you.
You climb upwards.
There is a stone staircase leading down here.
Casting: Slow (safe; 4% risk of failure)
Confirm with . or Enter, or press ? or * to list all spells.
Aiming: Slow (safe; 4% risk of failure)
Press: ? - help, Shift-Dir - straight line, f - adder
Aim: an adder (moderately wounded, chance to affect: 62%)
The adder seems to slow down.
The adder closely misses you.
You shoot an arrow. The arrow barely misses the adder.
The adder bites you.
You shoot an arrow. The arrow barely misses the adder.
The adder bites you.
You are poisoned.
The adder poisons you!
You shoot an arrow. The arrow closely misses the adder.
You feel sick. The adder barely misses you. x2
You shoot an arrow. The arrow barely misses the adder.
You feel sick. The adder bites you.
You are too injured to fight recklessly!
Shoot: a) +0 shortbow
Press: ? - help, Shift-Dir - straight line, f/p - adder
Aim: an adder (moderately wounded, slow, 40% to hit)
You shoot an arrow. The arrow hits the adder.
The adder is severely wounded.
You feel sick. The adder barely misses you.
Shoot: a) +0 shortbow
Press: ? - help, Shift-Dir - straight line, f/p - adder
Aim: an adder (severely wounded, slow, 40% to hit)
You shoot an arrow. The arrow barely misses the adder.
You feel sick. The adder bites you.
* * * LOW HITPOINT WARNING * * *
You are lethally poisoned!
The adder poisons you!
It was a potion of cancellation.
You feel magically purged.
* * * LOW HITPOINT WARNING * * *
You feel sick.
It was a potion of brilliance.
You feel clever all of a sudden.
You die...

##.##### #..#.##..............
....# #####.#)##.###..........
....# #.......##.# #..........
#...# #........#.###..........
#...# #........#..............
#...######........#..............
#...#.............#........(.....
#...#......####S.##.###..........
####รท...........@.#.#############
.###.........................#
...#...................>.....#
.#.#.........................#
.#.#......#.#######.##.......#
...#................##.......#
....).......##########.......# ##
............# #............###.
............# #[...........##..


You could see an adder (slow).

Vanquished Creatures
  A bat (D:1)
  3 endoplasms (D:1)
  2 giant cockroaches (D:1)
  5 hobgoblins (D:1)
  4 ball pythons (D:1)
  3 goblins (D:1)
  3 kobolds (D:1)
  A rat (D:1)
22 creatures vanquished.

Notes
Turn   | Place    | Note
-------+----------+-------------------------------------------
     0 | D:1      | shoop the Deep Elf Arcane Marksman began the quest for the
                  | Orb.
     0 | D:1      | Reached XP level 1. HP: 11/11 MP: 5/5
    14 | D:1      | Reached skill level 1 in Stealth
   179 | D:1      | Reached XP level 2. HP: 16/16 MP: 6/6
   294 | D:1      | Reached skill level 1 in Fighting
   877 | D:1      | Found a faded altar of an unknown god.
  1015 | D:1      | Succumbed to an adder's poison

Illustrated notes

Levels and vault maps discovered:
D:1:      dpeg_arrival_pond, layout_basic, nicolae_ecumenical_snake_handling
D:2:      layout_loops_ring, minmay_worlds_worst_comb

Skill      XL: |  1  2 |
---------------+-------+-----
Stealth        | 2 |  2.0
Bows           | 3 |  3.4
Fighting       | 1 |  1.0
Dodging        | |  2.8
Spellcasting   | |  1.5
Hexes          | |  4.0

Action                   || total
-------------------------++-------
 Fire: Shortbow          ||    71
 Cast: Slow              ||     1
  Use: Potion            ||     2
Armor: Robe              ||     6
Dodge: Dodged            ||    30

Table legend: (Time is in decaauts)
 A = Elapsed time spent in this place.
 B = Non-inter-level travel time spent in this place.
 C = Inter-level travel time spent in this place.
 D = Time resting spent in this place.
 E = Time spent auto-exploring this place.
 F = Levels seen in this place.
 G = Mean time per level.
                   A        B        C        D        E       F      G
               +--------+--------+--------+--------+--------+-----+--------+
         Total |   1040 |   1017 |     23 |      0 |    862 |   2 |  520.0 |
       Dungeon |   1040 |   1017 |     23 |      0 |    862 |   2 |  520.0 |
               +--------+--------+--------+--------+--------+-----+--------+

Top non-repeatable levels by time:
     D:1: 1035 daAuts
     D:2: 4 daAuts
